 Dungeon Crawl Stone Soup version 0.31.0-7-gf635a9b802 (webtiles) character file.

Game seed: 4485994155652365745

205 LustLizard the Chopper (level 5, -2/47 HPs)
             Began as a Minotaur Monk on Jan 23, 2024.
             Slain by Menkaure (20 damage)
             ... on level 4 of the Dungeon.
             The game lasted 00:05:16 (3061 turns).

LustLizard the Chopper (Minotaur Monk)              Turns: 3061, Time: 00:05:17

Health: -2/47      AC:  8    Str: 17    XL:     5   Next: 52%
Magic:  4/4        EV:  8    Int:  7    God:
Gold:   163        SH:  0    Dex: 13    Spells: 4/4 levels left

rFire   . . .        a - +0 hand axe
rCold   . . .        d - orb {light}
rNeg    . . .        v - +0 chain mail
rPois   .            (helmet restricted)
rElec   .            (no cloak)
rCorr   .            (no gloves)
SInv    .            (no boots)
Will    .....        (no amulet) Stlth
                     (no ring)
HPRegen 0.27/turn    (no ring)
MPRegen 0.09/turn

%: no passive effects
@: glowing
A: horns 2, retaliatory headbutt
a: no special abilities


You were on level 4 of the Dungeon.
You visited 1 branch of the dungeon, and saw 4 of its levels.

You collected 163 gold pieces.

Inventory:

Hand Weapons
 a - a +0 hand axe (weapon)
Missiles
 f - 24 stones
 p - 4 poisoned darts
Armour
 d - an orb of light (worn)
 v - a +0 chain mail (worn)
Jewellery
 j - a ring of ice
 w - an amulet of regeneration
Wands
 q - a wand of flame (24)
Scrolls
 b - a scroll of vulnerability {unknown}
 h - a scroll of brand weapon {unknown}
 i - 3 scrolls of identify
 k - 3 scrolls of enchant armour {unknown}
 m - a scroll of poison {unknown}
 n - 2 scrolls of fear {unknown}
 o - a scroll of amnesia {unknown}
 u - 2 scrolls of teleportation {unknown}
Potions
 c - a potion of ambrosia
 e - 2 potions of curing
 g - a potion of attraction {unknown}
 l - 2 potions of enlightenment
 r - a potion of mutation {unknown}
 s - 3 potions of lignification
 t - a potion of brilliance {unknown}
 x - a potion of heal wounds {unknown}
 z - a potion of degeneration {unknown}


   Skills:
 + Level 4.9 Fighting
 * Level 6.0 Axes
 + Level 2.3 Throwing
 - Level 3.2 Dodging


You had 4 spell levels left.
You didn't know any spells.
Your spell library contained the following spells:

 Spells                   Type           Power      Damage    Failure   Level
 Lesser Beckoning         Tloc           0%         N/A       100%        2
 Dazzling Flash           Conj/Hex       0%         N/A       100%        3
 Gell's Gravitas          Tloc           0%         N/A       100%        3
 Mephitic Cloud           Conj/Alch/Air  0%         N/A       100%        3
 Teleport Other           Tloc           0%         N/A       100%        3
 Curse of Agony           Necr           0%         N/A       100%        5
 Silence                  Hex/Air        0%         N/A       100%        5


Dungeon Overview and Level Annotations

Branches:
Dungeon (4/15)
 Temple: D:4-7

Altars:

Annotations:
D:4 Menkaure


Innate Abilities, Weirdness & Mutations

You have a pair of horns on your head.
You reflexively headbutt those who attack you in melee.


Message History

The hound is moderately wounded.
The hound bites you but does no damage. x2
You hit the hound but do no damage.
The hound is moderately wounded.
The hound pauses to sniff the ground.
The hound bites you but does no damage.
You closely miss the hound. You headbutt the hound!
The hound is almost dead.
The hound bites you but does no damage. x2
You slash the hound!
You kill the hound!
Your Axes skill increases to level 6!
Found a stone staircase leading up.
You hear the slow rusting of a drain very nearby.
Menkaure, Prince of Dust comes into view.
Menkaure shouts!
Found a trident.
You hit Menkaure but do no damage. You hit Menkaure but do no damage.
Menkaure hits you.
You hit Menkaure. You headbutt Menkaure!
Menkaure is heavily damaged.
Menkaure hits you!
Okay, then.
You hit Menkaure but do no damage. You headbutt Menkaure.
Menkaure is heavily damaged.
Menkaure gestures ominously.
Menkaure points at you and mumbles some strange words.
Pain shoots through your body!
A kobold comes into view. It is wielding a +0 dagger.
The kobold shouts!
You hit Menkaure.
Menkaure is severely damaged.
Menkaure calls on the powers of darkness!
Your body is wracked with pain!
You slash Menkaure! You headbutt Menkaure.
Menkaure is almost destroyed.
You hit Menkaure but do no damage.
Menkaure is almost destroyed.
Menkaure hits you!!
You die...

####..... #...##...
##############...##.##
...<.......##....##.#
##......#.##....##)#
..###.###.#.##....##.#
..........#.##....##.#
###.....#.##....##.#
#..@...#.##....<#.#
#.M#...#.##...†.#.#
#K.....#........#.##
........###....)....#
#.#.####.............#
..... #..##.........#
....#. ..##.........#
.# .#. )############


You could see Menkaure and a kobold.

Vanquished Creatures
  A hound (D:4)
  A sleepcap (D:3)
  Ijyb (D:3)
  Robin (D:3)
  An adder (D:3)
  A gnoll (D:1)
  2 ribbon worms (D:3)
  7 orcs (D:3)
  5 bats
  5 endoplasms
  4 giant cockroaches
  13 goblins
  7 hobgoblins
  2 jackals (D:1)
  3 quokkas
  6 ball pythons
  6 frilled lizards
  6 kobolds
  4 rats
76 creatures vanquished.

Vanquished Creatures (others)
  A hobgoblin (D:3)
  A quokka (D:2)
2 creatures vanquished.

Grand Total: 78 creatures vanquished

Notes
Turn   | Place    | Note
-------+----------+-------------------------------------------
     0 | D:1      | LustLizard the Minotaur Monk began the quest for the Orb.
     0 | D:1      | Reached XP level 1. HP: 19/19 MP: 0/0
   210 | D:1      | Reached skill level 4 in Axes
   210 | D:1      | Reached XP level 2. HP: 14/27 MP: 1/1
   430 | D:1      | Reached skill level 1 in Throwing
   550 | D:1      | Reached XP level 3. HP: 33/33 MP: 2/2
  1723 | D:3      | Noticed Robin
  1723 | D:3      | Noticed Ijyb
  1872 | D:3      | Killed Robin
  1921 | D:3      | Reached skill level 5 in Axes
  1921 | D:3      | Reached XP level 4. HP: 40/40 MP: 3/3
  2478 | D:3      | Reached XP level 5. HP: 45/47 MP: 4/4
  2488 | D:3      | Killed Ijyb
  3038 | D:4      | Reached skill level 6 in Axes
  3051 | D:4      | Noticed Menkaure
  3061 | D:4      | Slain by Menkaure

Illustrated notes

Levels and vault maps discovered:
D:1:      dpeg_arrival_oval, layout_basic
D:2:      layout_basic, nicolae_concentric_dashed_squares_mild,
          palyth_stone_intersect, kennysheep_generic_room_13
D:3:      layout_basic, kennysheep_cluttered_room, nicolae_goblin_pals
D:4:      layout_basic, lemuel_temple_firewalk_a, lightli_sewer_entry_pipes,
          hangedman_abyss_or_decor_passed, roderic_batcave,
          nicolae_concentric_dashed_squares_wild, uniq_menkaure, uniq_edmund

Skill      XL: |  1  2  3  4  5 |
---------------+----------------+-----
Axes           | 4 5 6 |  6.0
Fighting       | 4 |  4.9
Throwing       | 1 2 |  2.3
Dodging        | |  3.2

Action                     |  1- 3 |  4- 6 || total
---------------------------+-------+-------++-------
  Melee: Hand axe          |    83 |    81 ||   164
         Headbutt          |    16 |    17 ||    33
  Throw: Stone             |     1 |       ||     1
    Use: Scroll            |       |     3 ||     3
 Armour: Robe              |     6 |       ||     6
         Ring mail         |    13 |       ||    13
         Scale mail        |    24 |    13 ||    37
         Chain mail        |       |    27 ||    27
  Dodge: Dodged            |    42 |    32 ||    74
